 Dungeon Crawl Stone Soup version 0.29.1-12-g30fa7ad0bf (webtiles) character file.

Game seed: 12450111401845434252

4760 javelincjr the Thaumaturge (level 10, -14/42 HPs)
             Began as a Spriggan Conjurer on Jan 16, 2023.
             Killed from afar by an acid dragon (27 damage)
             ... with a splash of acid
             ... on level 8 of the Dungeon on Jan 17, 2023.
             The game lasted 01:09:31 (11609 turns).

javelincjr the Thaumaturge (Spriggan Conjurer)     Turns: 11609, Time: 01:09:33

Health: -14/42     AC:  4    Str: 15    XL:     10   Next: 23%
Magic:  9/25       EV: 20    Int: 20    God:
Gold:   452        SH:  0    Dex: 14    Spells: 15/30 levels left

rFire   + . .      SeeInvis +   o - +4 quarterstaff (chaos)
rCold   + . .      Faith    .   (shield currently unavailable)
rNeg    . . .      Spirit   .   C - +2 robe {rC+ rF+}
rPois   .          Reflect  .   (helmet restricted)
rElec   .          Harm     .   q - +0 cloak
rCorr   .          Rampage  .   (gloves unavailable)
Will    +....                   (boots unavailable)
Stlth   +++.......              l - amulet of regeneration
HPRegen 0.94/turn               s - ring of wizardry
MPRegen 0.19/turn               y - +6 ring of strength

@: very quick
A: very small, no large weapons, unfitting armour, see invisible, speed 3,
deformed body, frail 1, strong 1
a: no special abilities


You were on level 8 of the Dungeon.
You visited 2 branches of the dungeon, and saw 9 of its levels.

You collected 452 gold pieces.

Inventory:

Hand Weapons
 f - a +0 trident of protection
 i - a +5 spear
 o - a +4 quarterstaff of chaos (weapon)
 z - a +1 short sword of venom
 A - a +2 flail of protection
 B - a +0 hand axe of flaming
 F - a +2 short sword of freezing
Missiles
 d - 12 poisoned darts (quivered)
 x - 2 throwing nets
Armour
 k - a +1 troll leather armour
 q - a +0 cloak (worn)
 C - a +2 robe of resistance (worn)
Jewellery
 l - an amulet of regeneration (around neck)
 s - a ring of wizardry (left hand)
 u - a ring of fire
 y - a +6 ring of strength (right hand)
 E - an amulet of regeneration
Wands
 c - a wand of mindburst (8)
 r - a wand of charming (9)
 v - a wand of flame (18)
Scrolls
 g - 2 scrolls of poison
 j - 4 scrolls of teleportation
 m - a scroll of magic mapping
 n - a scroll of enchant armour
 w - a scroll of enchant weapon
Potions
 a - 2 potions of lignification
 b - 4 potions of magic
 e - 3 potions of heal wounds
 h - a potion of might
 p - a potion of resistance
 t - a potion of invisibility
 D - 2 potions of cancellation


   Skills:
 + Level 2.4 Fighting
 + Level 2.5 Short Blades
 + Level 0.1 Polearms
 + Level 0.1 Staves
 + Level 2.6 Throwing
 + Level 7.0 Dodging
 + Level 5.0 Stealth
 + Level 10.8 Spellcasting
 + Level 7.1 Conjurations
 + Level 3.3 Hexes
 + Level 4.3 Translocations


You had 15 spell levels left.
You knew the following spells:

 Your Spells              Type           Power      Damage    Failure   Level
a - Magic Dart            Conj           100%       1d8       1%          1
b - Searing Ray           Conj           78%        2d7       1%          2
c - Fulminant Prism       Conj/Hex       15%        3d11      3%          4
d - Iskenderun's Mystic   Conj/Tloc      33%        2d8       2%          4
e - Hailstorm             Conj/Ice       25%        3d7       6%          4

Your spell library contained the following spells:

 Spells                   Type           Power      Damage    Failure   Level
 Dazzling Flash           Conj/Hex       62%        N/A       1%          3
 Freeze                   Ice            40%        1d6       2%          1
 Frozen Ramparts          Ice            20%        1d4       8%          3


Dungeon Overview and Level Annotations

Branches:
Dungeon (8/15)             Temple (1/1) D:7
   Lair: D:8-11

Altars:
Cheibriados
Dithmenos
Fedhas
Hepliaklqana
Kikubaaqudgha
Nemelex Xobeh
Okawaru
Qazlal
Sif Muna
Trog
Uskayaw
Vehumet
Wu Jian
Xom
Yredelemnul
The Shining One

Shops:
D:7 [

Annotations:
D:8 2 transporters


Innate Abilities, Weirdness & Mutations

You are very small and have problems with some larger weapons.
You are too small for most types of armour.
You have supernaturally acute eyesight. (SInv)
You cover ground extremely quickly. (Speed+++)
Armour fits poorly on your strangely shaped body.
You are frail. (-10% HP)
Your muscles are strong. (Str +4, Int/Dex -1)


Message History

A fulminant prism comes into view.
Your fulminant prism crackles loudly.
The gnoll sergeant hits your fulminant prism with a +0 spear of freezing!
The gnoll sergeant freezes your fulminant prism.
Your fulminant prism explodes!
The blast of energy engulfs the gnoll sergeant.
The gnoll sergeant is severely wounded.
You hear a roar!
You hear a shout!
Casting: Fulminant Prism (dangerous; 3% risk of failure)
Confirm with . or Enter, or press ? or * to list all spells.
Aiming: Fulminant Prism (dangerous; 3% risk of failure)
Press: ? - help, Dir - move target You conjure a prism of explosive energy!
A fulminant prism comes into view.
Your fulminant prism crackles loudly.
Something hits your fulminant prism! Something freezes your fulminant prism.
Your fulminant prism explodes!
You feel a bit more experienced.
You hear a shout!
An acid dragon comes into view.
You closely miss the acid dragon.
The acid dragon roars!
The acid dragon spits acid at you. The splash of acid hits you!!
Ouch! That really hurt!
* * * LOW HITPOINT WARNING * * *
You thump the acid dragon!
The acid dragon is heavily wounded.
The acid dragon closely misses you. The acid dragon completely misses you.
You hit the acid dragon.
The acid dragon is poisoned.
The acid dragon is heavily wounded.
The acid dragon misses you. x2
Casting: Fulminant Prism (dangerous; 3% risk of failure)
Confirm with . or Enter, or press ? or * to list all spells.
You erupt in a blast of force!
The mystic blast hits the acid dragon!
The acid dragon is almost dead.
The acid dragon spits acid at you. The splash of acid hits you!!
Ouch! That really hurt!
You die...

..##[###.### #.##)# .
....# #.##.###.# .#...#
.........# #.#...##
####.###.# #......
.....# ####.#...# ####.#
#.#........# ####.#
#.#...##..# ..##.#
#.#...##)@#
#.##.###.#.....D.####.##
........................
#.##.###.#...##..#####..
..##.###.#........#####
..#.<..................
..#...####....#..######
..#...# #)...#..#
..#...# #....#....


You could see an acid dragon (very poisoned, catching breath).

Vanquished Creatures
  An ugly thing (D:7)
  A troll (D:7)
  A wyvern (D:7)
  Duvessa (D:6)
  A water moccasin (D:7)
  3 orc warriors
  2 sky beasts (D:6)
  2 ice beasts (D:6)
  A black bear (D:6)
  3 ogres
  3 gnoll sergeants
  2 bullfrogs
  4 scorpions
  17 wights
  Dowan (D:6)
  5 killer bees (D:8)
  2 howler monkeys
  3 lava snakes (D:7)
  A jelly (D:6)
  3 hounds
  Crazy Yiuf (D:7)
  5 orc priests
  3 iguanas
  7 orc wizards
  18 gnolls
  6 adders
  2 shadow imps
  5 white imps
  An ufetubus (D:6)
  A worm (D:3)
  7 dart slugs
  28 orcs
  5 ball pythons
  4 endoplasms
  3 goblins
  10 hobgoblins
  10 jackals
  8 kobolds
  8 quokkas
  A bat (D:2)
  4 frilled lizards
  7 rats
201 creatures vanquished.

Vanquished Creatures (others)
  49 fulminant prisms
49 creatures vanquished.

Grand Total: 250 creatures vanquished

Notes
Turn   | Place    | Note
-------+----------+-------------------------------------------
     0 | D:1      | javelincjr the Spriggan Conjurer began the quest for the
                  | Orb.
     0 | D:1      | Reached XP level 1. HP: 9/9 MP: 5/5
   413 | D:1      | Reached XP level 2. HP: 8/13 MP: 1/6
   642 | D:1      | Learned a level 2 spell: Searing Ray
  1013 | D:1      | Reached skill level 3 in Spellcasting
  1014 | D:1      | Reached XP level 3. HP: 16/16 MP: 2/8
  1632 | D:2      | Found a faded altar of an unknown god.
  2159 | D:2      | Reached XP level 4. HP: 21/21 MP: 7/9
  3570 | D:4      | Reached XP level 5. HP: 24/24 MP: 6/11
  3854 | D:4      | Reached skill level 4 in Spellcasting
  4108 | D:3      | Reached skill level 1 in Short Blades
  4400 | D:4      | Reached XP level 6. HP: 28/28 MP: 5/13
  4614 | D:4      | Learned a level 4 spell: Fulminant Prism
  4619 | D:4      | Learned a level 4 spell: Iskenderun's Mystic Blast
  4675 | D:4      | Reached skill level 5 in Spellcasting
  5235 | D:4      | Reached XP level 7. HP: 30/32 MP: 16/16
  5506 | D:5      | Entered Level 5 of the Dungeon
  5659 | D:5      | Reached skill level 6 in Spellcasting
  5814 | D:5      | Reached skill level 1 in Fighting
  5814 | D:5      | Reached skill level 5 in Conjurations
  6085 | D:5      | Identified the +3 barding of the Mantidfly {Dex+4}
  6485 | D:6      | Reached skill level 5 in Dodging
  6594 | D:6      | Reached skill level 7 in Spellcasting
  6684 | D:6      | Noticed Dowan
  6686 | D:6      | Noticed Duvessa
  6711 | D:6      | Reached XP level 8. HP: 37/37 MP: 8/19
  6714 | D:6      | Killed Duvessa
  6715 | D:6      | Killed Dowan
  7184 | D:6      | Reached skill level 8 in Spellcasting
  7184 | D:6      | Reached skill level 1 in Hexes
  7184 | D:6      | Reached skill level 1 in Translocations
  7516 | D:7      | Found a snail-covered altar of Cheibriados.
  7516 | D:7      | Found Cheibriados's Comfort Zone.
  7862 | D:7      | Reached XP level 9. HP: 8/42 MP: 14/22
  7912 | D:6      | Reached skill level 9 in Spellcasting
  7967 | D:7      | Reached skill level 1 in Throwing
  8548 | D:7      | Found a stormy altar of Qazlal.
  8634 | D:7      | Found a staircase to the Ecumenical Temple.
  8799 | Temple   | Entered the Ecumenical Temple
  8982 | Temple   | Gained mutation: You have sharp fingernails. [potion of
                  | mutation]
  8982 | Temple   | Gained mutation: You do not regenerate when monsters are
                  | visible. [potion of mutation]
  8983 | Temple   | Lost mutation: You have sharp fingernails. [potion of
                  | mutation]
  8983 | Temple   | Lost mutation: You do not regenerate when monsters are
                  | visible. [potion of mutation]
  8983 | Temple   | Gained mutation: You are frail. (-10% HP) [potion of
                  | mutation]
  8983 | Temple   | Gained mutation: Armour fits poorly on your strangely
                  | shaped body. [potion of mutation]
  8983 | Temple   | Gained mutation: Your muscles are strong. (Str +4, Int/Dex
                  | -1) [potion of mutation]
  9331 | D:7      | Reached skill level 10 in Spellcasting
  9442 | D:7      | Noticed a troll
  9453 | D:7      | Noticed a cyan ugly thing
  9464 | D:7      | Killed a troll
  9531 | D:7      | Killed a cyan ugly thing
  9532 | D:7      | Reached skill level 5 in Stealth
 10124 | D:7      | Found a runed translucent door.
 10125 | D:7      | Noticed Crazy Yiuf
 10132 | D:7      | Killed Crazy Yiuf
 10343 | D:7      | Learned a level 4 spell: Hailstorm
 10686 | D:8      | Reached XP level 10. HP: 41/41 MP: 20/25
 11315 | D:8      | Found a transporter.
 11319 | D:8      | Noticed a deep elf pyromancer
 11321 | D:8      | Found a transporter.
 11322 | D:8      | Noticed a cyclops
 11322 | D:8      | Noticed a centaur warrior
 11330 | D:8      | Found a shimmering blue altar of Sif Muna.
 11609 | D:8      | Killed from afar by an acid dragon

Illustrated notes

Levels and vault maps discovered:
D:1:      dpeg_arrival_renting, layout_loops_corners, serial_glass,
          glass_columns_a, glass_columns_c
D:2:      cheibrodos_helix_gallery, layout_basic,
          hellmonk_ecumenical_altar_inner_sanctum
D:3:      layout_loops_ring
D:4:      layout_basic, chequers_serial_rivers_micro_b, hangedman_decor_riveting
D:5:      layout_gridville, nicolae_eternal_life
D:6:      layout_basic, roderic_lattice_a, uniq_duvessa
D:7:      kennysheep_big_flooded_room, layout_basic,
          nicolae_qazlal_scattered_showers, minmay_temple_entry_mist,
          minmay_shop_chei, roderic_serpentine_path,
          chequers_serial_rivers_micro_b, uniq_crazy_yiuf_cottage
D:8:      layout_basic, gammafunk_temple_overflow_arena,
          mainiacjoe_overflow_24_doors
Temple:   nicolae_temple_bog_church

Skill      XL: |  1  2  3  4  5  6  7  8  9 10 |
---------------+-------------------------------+-----
Conjurations   | 3 4 5 6 7 |  7.1
Spellcasting   | 3 4 5 7 8 10 | 10.8
Dodging        | 3 4 5 6 7 |  7.0
Short Blades   | 1 2 |  2.5
Fighting       | 1 2 |  2.4
Stealth        | 4 5 |  5.0
Hexes          | 1 2 3 |  3.3
Translocations | 1 3 4 |  4.3
Throwing       | 2 |  2.6
Polearms       | |  0.1
Staves         | |  0.1

Action                   |  1- 3 |  4- 6 |  7- 9 | 10-12 || total
-------------------------+-------+-------+-------+-------++-------
Melee: Short sword       |    28 |    71 |    39 |       ||   138
       Trident           |       |       |     7 |       ||     7
       Quarterstaff      |       |       |       |    34 ||    34
Throw: Dart              |       |       |    13 |     6 ||    19
 Cast: Magic Dart        |    57 |    77 |    31 |     4 ||   169
       Searing Ray       |     7 |    22 |    39 |     1 ||    69
       Fulminant Prism   |       |       |    25 |    24 ||    49
       Iskenderun's Myst |       |       |    27 |     5 ||    32
       Hailstorm         |       |       |       |     1 ||     1
  Use: Scroll            |       |       |    15 |       ||    15
       Potion            |       |       |     2 |       ||     2
 Stab: Sleeping          |     1 |       |       |       ||     1
Armor: Robe              |     1 |     7 |    13 |     1 ||    22
Dodge: Dodged            |    24 |    68 |    96 |    27 ||   215
